 Dungeon Crawl Stone Soup version 0.30-a0-122-g2a1322497e (webtiles) character file.

Game seed: 10914136656774555437

51 NinjaNoafa the Trooper (level 3, -12/29 HPs)
             Began as a Demonspawn Monk on Sept 15, 2022.
             Mangled by a gnoll
             ... wielding a +0 halberd
              (15 damage)
             ... on level 2 of the Dungeon.
             The game lasted 00:02:54 (1559 turns).

NinjaNoafa the Trooper (Demonspawn Monk)            Turns: 1559, Time: 00:02:55

Health: -12/29     AC:  2    Str: 11    XL:     3   Next: 57%
Magic:  3/3        EV: 13    Int: 13    God:
Gold:   164        SH:  0    Dex: 15    Spells: 2/2 levels left

rFire   . . .      SeeInvis .    a - +0 falchion
rCold   . . .      Faith    .    (no shield)
rNeg    + . .      Spirit   .    b - +0 robe
rPois   .          Reflect  .    (no helmet)
rElec   .          Harm     .    (no cloak)
rCorr   .          Rampage  .    (no gloves)
Will    .....                    (no boots)
Stlth   ++........               (no amulet)
HPRegen 0.09/turn                f - ring of flight
MPRegen 0.08/turn                i - ring of positive energy

@: flying
A: demonic touch 2
a: no special abilities


You were on level 2 of the Dungeon.
You visited 1 branch of the dungeon, and saw 2 of its levels.

You collected 164 gold pieces.

Inventory:

Hand Weapons
 a - a +0 falchion (weapon)
Missiles
 g - 20 stones (quivered)
 h - a throwing net
Armour
 b - a +0 robe (worn)
 k - an orb of guile
Jewellery
 f - a ring of flight (left hand)
 i - a ring of positive energy (right hand)
Wands
 q - a wand of flame (15)
Scrolls
 d - a scroll of teleportation {unknown}
 j - a scroll of brand weapon {unknown}
 m - a scroll of fear {unknown}
 n - a scroll of poison {unknown}
 o - 2 scrolls of identify {unknown}
 p - a scroll of fog {unknown}
Potions
 c - a potion of ambrosia
 e - 2 potions of invisibility {unknown}
 l - 2 potions of haste {unknown}
 r - a potion of curing {unknown}


   Skills:
 + Level 3.5 Fighting
 + Level 3.1 Long Blades
 - Level 3.0 Dodging
 + Level 2.5 Stealth


You had 2 spell levels left.
You didn't know any spells.
Your spell library was empty.

Dungeon Overview and Level Annotations

Branches:
Dungeon (2/15)

Altars:


Innate Abilities, Weirdness & Mutations

Your touch may inflict irresistible damage on your foes.


Message History

A frilled lizard comes into view.
A frilled lizard is nearby!
The helpless frilled lizard fails to defend itself.
You slash the frilled lizard!
You kill the frilled lizard!
You see here a frilled lizard corpse.
A gnoll comes into view. It is wielding a +0 flail.
A gnoll is nearby!
The gnoll hits you with a +0 flail.
You hit the gnoll.
The gnoll is heavily wounded.
The gnoll misses you.
A gnoll comes into view. It is wielding a +0 halberd.
You completely miss the gnoll.
The gnoll shouts!
You touch the gnoll.
The gnoll is almost dead.
You hear a shout! x2
The gnoll barely misses you. The gnoll closely misses you.
You hit the gnoll but do no damage.
You touch the gnoll.
You kill the gnoll!
The gnoll barely misses you.
A gnoll comes into view. It is wielding a +2 spear of venom.
Things that are here:
a +0 flail; a scroll labelled VOELLE TIQUD; a gnoll corpse The gnoll shouts!
The gnoll misses you.
You hit the gnoll.
The gnoll is moderately wounded.
The gnoll hits you with a +0 halberd!
You hit the gnoll.
The gnoll is almost dead.
The gnoll hits you with a +0 halberd!
* * * LOW HITPOINT WARNING * * *
A gnoll comes into view. It is wielding a +0 spear.
You hit the gnoll but do no damage.
The gnoll is almost dead.
The gnoll hits you with a +0 halberd!
Ouch! That really hurt!
You die...

.#†#...# .#.....#
.......# .##.##.# #.
.......# #. ###.####
.## # #.# ... .##.#
#.# #.####...g..
#.#########.#)@gg....#
#........##.#.##.#####
########......# #
####......# ########


You could see 3 gnolls.

Vanquished Creatures
  A gnoll (D:2)
  A dart slug (D:1)
  4 ball pythons (D:1)
  6 bats
  2 endoplasms (D:1)
  A giant cockroach (D:2)
  3 hobgoblins (D:1)
  2 jackals (D:1)
  8 kobolds
  A quokka (D:1)
  4 frilled lizards
  2 goblins
  4 rats
39 creatures vanquished.

Notes
Turn   | Place    | Note
-------+----------+-------------------------------------------
     0 | D:1      | NinjaNoafa the Demonspawn Monk began the quest for the Orb.
     0 | D:1      | Reached XP level 1. HP: 18/18 MP: 1/1
   261 | D:1      | Gained mutation: Your touch may inflict minor irresistible
                  | damage on your foes. [demonic ancestry]
   261 | D:1      | Reached XP level 2. HP: 22/24 MP: 2/2
   785 | D:1      | Gained mutation: Your touch may inflict irresistible damage
                  | on your foes. [demonic ancestry]
   785 | D:1      | Reached XP level 3. HP: 18/29 MP: 3/3
  1559 | D:2      | Mangled by a gnoll

Illustrated notes

Levels and vault maps discovered:
D:1:      dpeg_arrival_another_circle, layout_loops_ring, reono_crystal_passage,
          st_stairs_6, grunt_decor_one_mirror
D:2:      layout_loops_cross, shapermc_ecumenical_altar_venn, minivault_4

Skill      XL: |  1  2 |
---------------+-------+-----
Stealth        | 2 |  2.5
Dodging        | 3 |  3.0
Long Blades    | 3 |  3.1
Fighting       | |  3.5

Action                   || total
-------------------------++-------
Melee: Falchion          ||    63
       Punch             ||     1
       Unarmed           ||    24
       Touch             ||    11
 Stab: Sleeping          ||     5
       Distracted        ||     1
Armor: Robe              ||    14
Dodge: Dodged            ||    84

Table legend: (Time is in decaauts)
 A = Elapsed time spent in this place.
 B = Non-inter-level travel time spent in this place.
 C = Inter-level travel time spent in this place.
 D = Time resting spent in this place.
 E = Time spent auto-exploring this place.
 F = Levels seen in this place.
 G = Mean time per level.
                   A        B        C        D        E       F      G
               +--------+--------+--------+--------+--------+-----+--------+
         Total |   1566 |   1528 |     38 |      0 |   1200 |   2 |  783.0 |
       Dungeon |   1566 |   1528 |     38 |      0 |   1200 |   2 |  783.0 |
               +--------+--------+--------+--------+--------+-----+--------+

Top non-repeatable levels by time:
     D:1: 1208 daAuts
     D:2: 357 daAuts
